Map: Orbital Shipyard

Players

ZoeyRallie

  • Race: Zerg Zerg

A.I. 1 (Elite)

  • Race: Protoss Protoss

VOD

Have the link to the VOD?

Description

Time

  • Played on: Dec. 15, 2015, 3:06 p.m.
  • Length: 8:29
Show
View Real Time Build Order
Export as new Build Order

ZoeyRallie Zerg 

Build Orders: Hatch First 

Get SALT Encoding   

  1  0:00  Lair, Overlord  
  12  0:01  Drone x12  
  12  0:15  Drone  
  13  0:27  Overlord  
  13  0:31  Drone  
  14  0:45  Drone  
  14  0:46  Drone  
  16  0:52  Drone  
  17  1:08  Hatchery  
  16  1:12  Drone  
  16  1:15  Drone  
  18  1:22  Extractor  
  17  1:30  Spawning Pool  
  16  1:35  Drone  
  16  1:38  Drone  
  18  1:42  Drone  
  19  1:53  Overlord  
  19  2:09  Drone  
  19  2:15  Drone  
  21  2:17  Queen  
  21  2:19  Queen  
  21  2:21  Zergling x2  
  26  2:25  Metabolic Boost  
  26  2:27  Zergling x2  
  27  2:31  Drone  
  28  2:37  Drone  
  29  2:46  Drone  
  29  2:48  Drone  
  31  2:52  Queen  
  31  2:55  Overlord  
  33  3:02  Drone  
  34  3:10  Drone x2  
  36  3:20  Roach Warren  
  35  3:32  Hatchery  
  34  3:35  Extractor  
  34  3:38  Extractor  
  32  3:42  Lair  
  32  3:50  Drone x4  
  32  3:51  Drone  
  32  3:55  Overlord  
  37  4:08  Drone x5  
  42  4:21  Roach, Zergling x4  
  42  4:22  Zergling x4  
  48  4:26  Overlord  
  50  4:41  Drone x4  
  50  4:45  Overlord  
  52  4:47  Evolution Chamber  
  52  4:50  Evolution Chamber  
  50  4:56  Drone x3  
  53  5:04  Zergling x4  
  53  5:05  Zergling x2  
  56  5:07  Overseer  
  56  5:09  Overseer  
  56  5:13  Zerg Missile Weapons Level 1  
  56  5:15  Zerg Ground Armor Level 1  
  56  5:17  Drone  
  56  5:18  Drone x3  
  60  5:28  Overlord  
  60  5:29  Overlord x2  
  60  5:35  Extractor  
  59  5:38  Extractor  
  59  5:42  Drone, Extractor  
  58  5:43  Drone x6  
  58  5:46  Overlord  
  58  5:48  Zergling x6  
  67  5:55  Drone, Spire  
  67  5:58  Zergling x2  
  67  5:59  Zergling x2  
  69  6:07  Drone  
  69  6:08  Drone x2  
  72  6:15  Drone x4  
  72  6:16  Drone x3  
  79  6:32  Roach x3  
  85  6:39  Roach x4  
  95  6:40  Roach  
  95  6:44  Overlord x3  
  95  6:51  Roach  
  97  6:56  Zergling x2  
  98  7:06  Roach  
  98  7:07  Roach x6  
  112  7:09  Overlord, Roach  
  112  7:10  Overlord x2  
  112  7:13  Zergling x2  
  112  7:14  Zergling x4  
  117  7:19  Roach x2  
  121  7:30  Overlord x2  
  121  7:31  Overlord  
  121  7:34  Ravager  
  121  7:35  Ravager x5  
  121  7:36  Ravager  
  128  7:39  Ravager  
  128  7:41  Ravager  
  128  7:42  Zergling x2  
  128  7:43  Zergling x10  
  136  7:57  Roach  
  136  7:58  Roach x5  
  148  8:00  Overlord  
  148  8:10  Zergling x10  
  148  8:11  Zergling x2  
Show
View Real Time Build Order
Export as new Build Order

A.I. 1 (Elite) Protoss 

Build Orders:  

Get SALT Encoding   

  12  0:03  Probe x12 (Chrono Boost)  
    0:13  Unknown  
  13  0:14  Probe (Chrono Boost)  
  13  0:25  Probe (Chrono Boost)  
  14  0:35  Probe (Chrono Boost)  
  15  0:38  Pylon  
  15  0:56  Probe (Chrono Boost)  
  16  1:06  Probe (Chrono Boost)  
  17  1:16  Nexus  
  17  1:17  Probe (Chrono Boost)  
  18  1:25  Gateway  
  18  1:28  Probe (Chrono Boost)  
  19  1:38  Probe (Chrono Boost)  
  20  1:49  Probe (Chrono Boost)  
  20  1:51  Pylon  
  20  1:54  Assimilator  
  21  2:10  Probe (Chrono Boost)  
  21  2:11  Zealot  
  24  2:19  Cybernetics Core  
  24  2:22  Probe (Chrono Boost)  
  25  2:29  Probe (Chrono Boost)  
  26  2:32  Probe (Chrono Boost)  
  27  2:39  Probe (Chrono Boost), Pylon  
  27  2:43  Probe (Chrono Boost)  
  29  2:49  Warp Gate  
  29  2:50  Gateway  
  29  2:53  Assimilator  
  29  2:55  Probe (Chrono Boost)  
  29  2:56  Stalker  
  30  3:04  Probe (Chrono Boost)  
  33  3:12  Pylon  
  34  3:13  Probe (Chrono Boost)  
  33  3:21  Probe (Chrono Boost)  
  33  3:24  Probe (Chrono Boost)  
  33  3:25  Adept  
  37  3:32  Probe (Chrono Boost)  
  38  3:36  Adept  
  40  3:42  Robotics Facility  
  40  3:46  Probe (Chrono Boost)  
  42  3:49  Probe (Chrono Boost)  
  42  3:50  Adept  
  44  3:57  Probe (Chrono Boost)  
  44  4:00  Probe (Chrono Boost)  
  44  4:01  Adept  
  49  4:10  Probe (Chrono Boost)  
  49  4:13  Probe (Chrono Boost)  
  49  4:16  Adept  
  50  4:22  Probe (Chrono Boost)  
  54  4:24  Probe (Chrono Boost)  
  54  4:26  Adept  
  56  4:41  Robotics Bay  
  56  4:45  Pylon  
  57  4:46  Probe (Chrono Boost)  
  57  4:47  Observer  
  57  4:49  Probe (Chrono Boost)  
  59  5:02  Probe (Chrono Boost)  
  60  5:08  Robotics Facility  
  60  5:09  Pylon  
  60  5:17  Stalker  
  62  5:27  Stalker, Pylon  
  62  5:28  Probe (Chrono Boost)  
  65  5:30  Probe (Chrono Boost)  
  66  5:48  Stalker, Zealot  
  70  5:57  Twilight Council  
  70  6:16  Gateway  
  70  6:20  Zealot  
  72  6:35  Dark Shrine  
  72  6:44  Forge  
  72  6:48  Forge  
  72  7:11  Sentry  
  74  7:15  Zealot  
  74  7:16  Zealot  
  74  7:18  Pylon  
  78  7:32  Stalker  
  78  7:34  Zealot  
  82  7:38  Pylon  
  82  7:43  Zealot  
  84  7:52  Zealot  
  84  7:53  Dark Templar  
  88  8:02  Zealot  
  88  8:03  Pylon  
  90  8:11  Stalker  
  71  8:20  Dark Templar  
  71  8:23  Zealot  
Tags
 
Add a new tag
Caveats
  • Supply blocks, unpowered buildings, or Contaminate may cause inaccurate times.
  • Supply counts are checked every 10 seconds.